 Dungeon Crawl Stone Soup version 0.29.1-15-g9cfb28693d (webtiles) character file.

Game seed: 8580709997638539913

19828 javelincjr the Summoner (level 12, -5/92 HPs)
             Began as a Gnoll Summoner on Apr 10, 2023.
             Was a Priest of Sif Muna.
             Killed from afar by a starcursed mass (12 damage)
             ... with an accursed screaming
             ... on level 3 of the Abyss on Apr 11, 2023.
             The game lasted 01:58:28 (18126 turns).

javelincjr the Summoner (Gnoll Summoner)           Turns: 18126, Time: 01:58:29

Health: -5/92      AC: 22    Str: 16    XL:     12   Next: 73%
Magic:  4/34       EV: 29    Int: 15    God:    Sif Muna [***...]
Gold:   806        SH:  8    Dex: 11    Spells: 0/29 levels left

rFire   + + .      SeeInvis .   W - +12 mace of the Brain {vorpal, rPois}
rCold   . . .      Faith    .   X - +3 buckler
rNeg    . . .      Spirit   .   z - +3 leather armour {rF+}
rPois   +          Reflect  .   j - +0 helmet
rElec   .          Harm     .   m - scarf {shadows}
rCorr   .          Rampage  .   x - +1 pair of gloves
Will    .....                   s - +0 pair of boots
Stlth   ++++......              v - amulet of the acrobat
HPRegen 0.25/turn               F - ring of magical power
MPRegen 0.24/turn               M - ring of the Tortoise {AC+8}

@: acrobatic
A: fangs 1, strong nose, distributed training, iridescent scales 1, fire
resistance 1, strong 1
a: Renounce Religion, Channel Magic, Forget Spell


You were on level 3 of the Abyss.
You worshipped Sif Muna.
Sif Muna was most pleased with you.
You visited 2 branches of the dungeon, and saw 14 of its levels.
You visited the Abyss 1 time.

You collected 845 gold pieces.
You spent 39 gold pieces at shops.

Inventory:

Hand Weapons
 d - a +4 mace of protection
 e - a +3 whip
 E - a +2 trident of venom
 K - a +2 arbalest of flaming
 R - a +3 demon trident
 S - the +6 short sword of Purpose {antimagic, rPois rC+ rN+ Int-3}
   (You found it on level 10 of the Dungeon)

   It reduces the magical energy of the wielder, and disrupts the spells and
   magical abilities of those it strikes.
   Natural abilities and divine invocations are not affected.
   Int:       It affects your intelligence (-3).
   rC:        It protects you from cold.
   rPois:     It protects you from poison.
   rN:        It protects you from negative energy.
 U - a +4 halberd
 W - the +12 mace of the Brain (weapon) {vorpal, rPois}
   (You found it on level 12 of the Dungeon)

   It inflicts extra damage upon your enemies.
   rPois:     It protects you from poison.
Armour
 j - a +0 helmet (worn)
 m - a scarf of shadows (worn)
 s - a +0 pair of boots (worn)
 w - a +0 chain mail of fire resistance
 x - a +1 pair of gloves (worn)
 z - a +3 leather armour of fire resistance (worn)
 D - a +2 robe of willpower
 H - a +1 robe of fire resistance
 J - +0 steam dragon scales
 N - a +2 chain mail of poison resistance
 X - a +3 buckler (worn)
Jewellery
 a - a ring of see invisible
 h - a ring of resist corrosion
 r - a ring of poison resistance
 v - an amulet of the acrobat (around neck)
 A - a ring of willpower
 F - a ring of magical power (left hand)
 M - the ring of the Tortoise (right hand) {AC+8}
   (You found it on level 8 of the Dungeon)

   [ring of protection]

   AC:        It affects your AC (+8).
Wands
 i - a wand of roots (11)
 k - a wand of light (14)
 n - a wand of mindburst (23)
 G - a wand of digging (4)
 I - a wand of flame (8)
 Y - a wand of polymorph (5)
Scrolls
 c - a scroll of fear
 g - 5 scrolls of blinking
 l - 4 scrolls of amnesia
 q - 6 scrolls of teleportation
 y - a scroll of magic mapping
Potions
 b - 2 potions of magic
 f - 3 potions of berserk rage
 o - 4 potions of lignification
 p - 3 potions of flight
 t - 2 potions of resistance
 u - a potion of mutation
 B - 6 potions of curing
 O - 2 potions of heal wounds
 P - 3 potions of cancellation
 V - a potion of might {unknown}
 Z - a potion of degeneration {unknown}
Miscellaneous
 T - a phantom mirror


   Skills:
 + Level 7.8 Fighting
 + Level 7.8 Short Blades
 + Level 7.8 Long Blades
 + Level 7.8 Axes
 + Level 7.8 Maces & Flails
 + Level 7.8 Polearms
 + Level 7.8 Staves
 + Level 7.8 Ranged Weapons
 + Level 7.8 Throwing
 + Level 7.8 Armour
 + Level 9.2 Dodging
 + Level 9.0 Stealth
 + Level 7.8 Shields
 + Level 7.8 Unarmed Combat
 + Level 9.4 Spellcasting
 + Level 6.5 Conjurations
 + Level 6.5 Hexes
 + Level 9.7 Summonings
 + Level 6.5 Necromancy
 + Level 6.5 Translocations
 + Level 6.5 Transmutations
 + Level 6.5 Fire Magic
 + Level 6.5 Ice Magic
 + Level 6.5 Air Magic
 + Level 6.5 Earth Magic
 + Level 6.5 Poison Magic
 + Level 8.6 Invocations
 + Level 7.8 Evocations


You couldn't memorise any spells.
You knew the following spells:

 Your Spells              Type           Power      Damage    Failure   Level
a - Summon Small Mammal   Summ           100%       N/A       1%          1
b - Call Imp              Summ           36%        N/A       1%          2
c - Call Canine Familiar  Summ           36%        N/A       1%          3
d - Summon Guardian Gole  Hex/Summ       31%        N/A       1%          3
e - Summon Lightning Spi  Summ/Air       31%        N/A       5%          4
f - Scorch                Fire           52%        2d8       1%          2
g - Summon Ice Beast      Ice/Summ       31%        N/A       5%          4
h - Summon Forest         Summ/Tloc      15%        N/A       14%         5
i - Summon Mana Viper     Hex/Summ       31%        N/A       14%         5

Your spell library contained the following spells:

 Spells                   Type           Power      Damage    Failure   Level
 Apportation              Tloc           52%        N/A       1%          1
 Ensorcelled Hibernation  Hex/Ice        52%        N/A       1%          2
 Passwall                 Tmut/Erth      21%        N/A       1%          2
 Portal Projectile        Hex/Tloc       52%        N/A       3%          3
 Swiftness                Air            26%        N/A       3%          3
 Flame Wave               Conj/Fire      26%        2d8       11%         4
 Leda's Liquefaction      Hex/Erth       13%        N/A       11%         4
 Alistair's Intoxication  Tmut/Pois      17%        N/A       28%         5
 Summon Cactus Giant      Summ           18%        N/A       38%         6
 Eringya's Noxious Bog    Tmut/Pois      13%        N/A       85%         6
 Monstrous Menagerie      Summ           18%        N/A       93%         7
 Summon Hydra             Summ           18%        N/A       93%         7
 Chain Lightning          Conj/Air       13%        3d17      100%        9
 Fire Storm               Conj/Fire      13%        8d3       100%        9
 Shatter                  Erth           13%        3d13*     100%        9


Dungeon Overview and Level Annotations

Branches:
Dungeon (13/15)            Temple (1/1) D:5            Lair (0/5) D:10
    Orc (0/2) D:9
 Vaults: D:13-14

Altars:
Ashenzari
Cheibriados
Dithmenos
Elyvilon
Fedhas
Gozag
Hepliaklqana
Kikubaaqudgha
Makhleb
Nemelex Xobeh
Okawaru
Qazlal
Ru
Sif Muna
Trog
Uskayaw
Vehumet
Wu Jian
Xom
Yredelemnul
Zin
The Shining One

Shops:
D:4 ?   D:6 *   D:10 [   D:11 (


Innate Abilities, Weirdness & Mutations

You have very sharp teeth.
Your uncanny sense of smell can sniff out nearby items.
Your experience applies equally to all skills.
You are partially covered in iridescent scales. (AC +2)
Your flesh is heat resistant. (rF+)
Your muscles are strong. (Str +4, Int/Dex -1)


Message History

Casting: Call Canine Familiar (safe; 1% risk of failure)
Confirm with . or Enter, or press ? or * to list all spells.
A guardian golem appears, shielding your allies.
Your wolf bites the starcursed mass.
The starcursed mass shudders and is absorbed by its neighbour.
Your wolf bites the starcursed mass.
The starcursed mass shudders and is absorbed by its neighbour.
The iron imp puffs mist at you. The starcursed mass touches your wolf.
Your wolf dies!
Your wolf's corpse disappears in a puff of smoke!
A deafening chorus of shrieks assaults your mind!
You suddenly lose the ability to move!
Your crimson imp hits the starcursed mass but does no damage.
You can move again.
Your crimson imp hits the starcursed mass but does no damage.
The starcursed mass touches your crimson imp.
You block the iron imp's attack.
A deafening chorus of shrieks assaults your mind!
* * * LOW HITPOINT WARNING * * *
You shrug off the repeated paralysis!
You sock the iron imp!
You kill the iron imp!
Sif Muna accepts your kill.
The starcursed mass completely misses your crimson imp.
Your crimson imp hits the starcursed mass but does no damage.
A starcursed mass splits.
Your crimson imp hits the starcursed mass but does no damage.
The starcursed mass closely misses your crimson imp.
A deafening chorus of shrieks assaults your mind!
* * * LOW HITPOINT WARNING * * *
The starcursed mass attacks as you move away!
The starcursed mass touches you but does no damage.
The starcursed mass attacks as you move away!
You block the starcursed mass's attack.
Your crimson imp hits the starcursed mass but does no damage.
The starcursed mass touches your guardian golem.
The starcursed mass touches your crimson imp.
A deafening chorus of shrieks assaults your mind!
You die...

#......# #.. .....
. .... _
#...............
#.#........'......
#......X.X#......
#.#.....X..#......
#.....X#X###......
......X5.X.#......
.# ...#X9XX@......
#..........#......
##.........#......
#..###########.##
### #


You could see 7 starcursed masses, a friendly guardian golem (summoned) and a
friendly crimson imp (summoned, sheltered).

Vanquished Creatures
  A centaur warrior (D:13)
  A hydra (D:13)
  A deep elf pyromancer (D:12)
  An ugly thing (D:12)
  A centaur zombie (D:11)
  An orange demon (D:10)
  An unseen horror (D:12)
  A large abomination (Abyss:3)
  A shadow (D:11)
  A vampire (D:13)
  2 wraiths
  A yak (D:10)
  A steam dragon (D:8)
  A basilisk (D:11)
  A vampire mosquito (D:12)
  An acid dragon (D:9)
  2 water moccasins (D:10)
  2 ice beasts
  2 kobold brigands (D:11)
  2 bullfrogs
  A gnoll sergeant (D:11)
  A scorpion (D:7)
  A killer bee (D:9)
  A hound (D:6)
  2 orc priests
  An iron imp (Abyss:3)
  4 iguanas
  5 orc wizards
  An adder (D:4)
  3 gnolls
  2 dart slugs
  8 orcs
  A giant cockroach (D:1)
  2 goblins (D:3)
  2 hobgoblins
  2 quokkas (D:4)
  3 bats (D:2)
  A rat (D:3)
66 creatures vanquished.

Vanquished Creatures (collateral kills)
  A tengu warrior (D:13)
  2 cyclopes (D:13)
  5 orange demons (D:10)
  3 kobold demonologists
  A tengu conjurer (D:13)
  A komodo dragon (D:12)
  3 red devils (D:10)
  2 trolls
  3 shadows
  A vampire (D:11)
  Eustachio (D:4)
  6 yaks
  2 wraiths (D:11)
  A water moccasin (D:10)
  An acid dragon (D:10)
  3 orc warriors
  An ice beast (D:7)
  2 black bears
  2 ogres
  A centaur (D:9)
  A phantom (D:4)
  2 kobold brigands
  A scorpion (D:4)
  5 bullfrogs
  A gnoll sergeant (D:7)
  5 wights (D:8)
  6 killer bees
  A howler monkey (D:6)
  A quasit (Abyss:3)
  A starcursed mass (Abyss:3)
  A hound (D:4)
  A jelly (D:5)
  2 orc priests
  An iguana (D:6)
  9 orc wizards
  A howler monkey zombie (D:11)
  9 gnolls
  8 adders
  A shadow imp (D:7)
  An ufetubus (D:4)
  5 dart slugs
  26 orcs
  3 bats
  8 endoplasms
  2 giant cockroaches
  13 hobgoblins
  3 jackals (D:1)
  2 quokkas
  8 ball pythons
  A frilled lizard (D:2)
  8 goblins
  8 kobolds
  4 rats
191 creatures vanquished.

Vanquished Creatures (others)
  2 two-headed ogres
  A centaur zombie (D:11)
  A hornet (D:7)
  A nameless horror (D:13)
  A shadow (D:11)
  A wraith (D:11)
  7 yaks
  2 vampire mosquitoes (D:12)
  3 black bears
  2 orc warriors
  3 centaurs
  A wight (D:8)
  5 killer bees
  A hound (D:5)
  3 orc priests
  A gnoll bouda (D:7)
  4 gnolls
  An orc (D:12)
  2 demonic plants (D:3)
  35 fungi (D:10)
  46 plants (D:10)
  5 withered plants (D:11)
128 creatures vanquished.

Grand Total: 385 creatures vanquished

Notes
Turn   | Place    | Note
-------+----------+-------------------------------------------
     0 | D:1      | javelincjr the Gnoll Summoner began the quest for the Orb.
     0 | D:1      | Reached XP level 1. HP: 13/13 MP: 6/6
   125 | D:1      | Reached XP level 2. HP: 19/19 MP: 5/7
   339 | D:1      | Learned a level 2 spell: Call Imp
   841 | D:1      | Reached skill level 5 in Spellcasting
   841 | D:1      | Reached XP level 3. HP: 25/25 MP: 5/9
  1421 | D:2      | Learned a level 3 spell: Call Canine Familiar
  1423 | D:2      | Reached skill level 1 in Invocations
  1570 | D:2      | Reached skill level 1 in Fighting
  1570 | D:2      | Reached skill level 1 in Short Blades
  1570 | D:2      | Reached skill level 1 in Long Blades
  1570 | D:2      | Reached skill level 1 in Axes
  1570 | D:2      | Reached skill level 1 in Maces & Flails
  1570 | D:2      | Reached skill level 1 in Polearms
  1570 | D:2      | Reached skill level 1 in Staves
  1570 | D:2      | Reached skill level 1 in Ranged Weapons
  1570 | D:2      | Reached skill level 1 in Throwing
  1570 | D:2      | Reached skill level 1 in Armour
  1570 | D:2      | Reached skill level 1 in Shields
  1570 | D:2      | Reached skill level 1 in Unarmed Combat
  1570 | D:2      | Reached skill level 1 in Evocations
  1852 | D:2      | Reached XP level 4. HP: 32/32 MP: 6/11
  1971 | D:2      | Learned a level 3 spell: Summon Guardian Golem
  2320 | D:2      | Reached skill level 1 in Conjurations
  2320 | D:2      | Reached skill level 1 in Hexes
  2320 | D:2      | Reached skill level 1 in Necromancy
  2320 | D:2      | Reached skill level 1 in Translocations
  2320 | D:2      | Reached skill level 1 in Transmutations
  2320 | D:2      | Reached skill level 1 in Fire Magic
  2320 | D:2      | Reached skill level 1 in Ice Magic
  2320 | D:2      | Reached skill level 1 in Air Magic
  2320 | D:2      | Reached skill level 1 in Earth Magic
  2320 | D:2      | Reached skill level 1 in Poison Magic
  2755 | D:3      | Reached XP level 5. HP: 31/37 MP: 6/12
  2868 | D:3      | Found a faded altar of an unknown god.
  2868 | D:3      | Noticed a cacodemon
  3869 | D:4      | Noticed a centaur
  3876 | D:4      | Killed a centaur
  3877 | D:4      | Reached skill level 5 in Dodging
  3877 | D:4      | Reached XP level 6. HP: 35/44 MP: 7/14
  4017 | D:4      | Noticed a black bear
  4032 | D:4      | Killed a black bear
  4406 | D:4      | Reached XP level 7. HP: 41/50 MP: 3/15
  4672 | D:4      | Found Ziuxkedu's Magic Scroll Boutique.
  4693 | D:4      | Bought a scroll of identify for 22 gold pieces
  4693 | D:4      | Bought a scroll of noise for 11 gold pieces
  4695 | D:4      | Gained mutation: Your muscles are strong. (Str +4, Int/Dex
                  | -1) [potion of mutation]
  4695 | D:4      | Gained mutation: You are partially covered in iridescent
                  | scales. (AC +2) [potion of mutation]
  4695 | D:4      | Gained mutation: Your flesh is heat resistant. (rF+)
                  | [potion of mutation]
  4765 | D:4      | Learned a level 4 spell: Summon Lightning Spire
  4889 | D:4      | Found a sparkling altar of Nemelex Xobeh.
  5109 | D:4      | Noticed Eustachio
  5177 | D:4      | Killed Eustachio
  5178 | D:4      | Reached skill level 5 in Stealth
  5682 | D:4      | Noticed an angel
  5683 | D:4      | Found a glowing silver altar of Zin.
  5747 | D:5      | Entered Level 5 of the Dungeon
  5763 | D:5      | Reached XP level 8. HP: 56/58 MP: 7/16
  6963 | D:5      | Found a staircase to the Ecumenical Temple.
  6973 | Temple   | Entered the Ecumenical Temple
  6973 | Temple   | Found a transporter.
  6973 | Temple   | Found a transporter.
  6975 | Temple   | Found a transporter.
  6975 | Temple   | Found a transporter.
  7004 | Temple   | Became a worshipper of Sif Muna the Loreminder
  7359 | D:6      | Found an iron altar of Okawaru.
  7934 | D:6      | Reached XP level 9. HP: 65/65 MP: 9/18
  7941 | D:6      | Found Sevi's CLEARANCE SALE!.
  7949 | D:6      | Bought a scroll of identify for 6 gold pieces
  8938 | D:7      | Reached * piety under Sif Muna
  9383 | D:7      | Noticed a hornet
  9393 | D:7      | Killed a hornet
  9660 | D:8      | Reached skill level 5 in Invocations
 10073 | D:8      | Reached skill level 5 in Fighting
 10073 | D:8      | Reached skill level 5 in Short Blades
 10073 | D:8      | Reached skill level 5 in Long Blades
 10073 | D:8      | Reached skill level 5 in Axes
 10073 | D:8      | Reached skill level 5 in Maces & Flails
 10073 | D:8      | Reached skill level 5 in Polearms
 10073 | D:8      | Reached skill level 5 in Staves
 10073 | D:8      | Reached skill level 5 in Ranged Weapons
 10073 | D:8      | Reached skill level 5 in Throwing
 10073 | D:8      | Reached skill level 5 in Armour
 10073 | D:8      | Reached skill level 5 in Shields
 10073 | D:8      | Reached skill level 5 in Unarmed Combat
 10073 | D:8      | Reached skill level 5 in Evocations
 10073 | D:8      | Reached XP level 10. HP: 36/74 MP: 0/20
 10446 | D:8      | Found the ring of the Tortoise {AC+8}
 10802 | D:8      | Reached ** piety under Sif Muna
 11290 | D:9      | Found an opulent altar of Gozag.
 11406 | D:9      | Found a staircase to the Orcish Mines.
 11658 | D:9      | Found a bloodstained altar of Trog.
 11912 | D:10     | Entered Level 10 of the Dungeon
 12046 | D:10     | Found Nociw's Armour Emporium.
 12071 | D:10     | Noticed a kobold demonologist
 12088 | D:10     | Killed a kobold demonologist
 12093 | D:10     | Reached skill level 5 in Conjurations
 12093 | D:10     | Reached skill level 5 in Hexes
 12093 | D:10     | Reached skill level 5 in Necromancy
 12093 | D:10     | Reached skill level 5 in Translocations
 12093 | D:10     | Reached skill level 5 in Transmutations
 12093 | D:10     | Reached skill level 5 in Fire Magic
 12093 | D:10     | Reached skill level 5 in Ice Magic
 12093 | D:10     | Reached skill level 5 in Air Magic
 12093 | D:10     | Reached skill level 5 in Earth Magic
 12093 | D:10     | Reached skill level 5 in Poison Magic
 12097 | D:10     | Reached XP level 11. HP: 73/81 MP: 20/22
 12132 | D:10     | Found a staircase to the Lair.
 12391 | D:10     | Learned a level 2 spell: Scorch
 12817 | D:10     | Reached *** piety under Sif Muna
 13189 | D:10     | Identified the +6 short sword of Purpose {antimagic, rPois
                  | rC+ rN+ Int-3}
 14532 | D:11     | Found Booqoip's Weapon Shoppe.
 14598 | D:11     | Noticed a two-headed ogre
 14608 | D:11     | Killed a two-headed ogre
 14789 | D:11     | Reached XP level 12. HP: 91/91 MP: 7/24
 15576 | D:12     | Identified the +12 mace of the Brain {vorpal, rPois}
 15625 | D:12     | Noticed a two-headed ogre
 15630 | D:12     | Killed a two-headed ogre
 16681 | D:13     | Noticed an eight-headed hydra
 16688 | D:13     | Killed an eight-headed hydra
 16921 | D:13     | Learned a level 4 spell: Summon Ice Beast
 16927 | D:13     | Learned a level 5 spell: Summon Forest
 16933 | D:13     | Learned a level 5 spell: Summon Mana Viper
 16995 | D:13     | Noticed a centaur warrior
 17019 | D:13     | Killed a centaur warrior
 17171 | D:13     | Noticed a tengu warrior
 17184 | D:13     | Killed a tengu warrior
 18091 | Abyss:3  | Cast into level 3 of the Abyss (a wizard)
 18095 | Abyss:3  | Noticed a starcursed mass
 18103 | Abyss:3  | Paralysed by accursed screaming for 1 turns
 18113 | Abyss:3  | Found a corrupted altar of Lugonu.
 18122 | Abyss:3  | Paralysed by accursed screaming for 1 turns
 18126 | Abyss:3  | Killed from afar by a starcursed mass

Illustrated notes

Levels and vault maps discovered:
D:1:      heliophobic_arrival_henge, layout_loops_ring,
          nicolae_figureground_sparkle
D:2:      layout_basic, hangedman_decor_opposing
D:3:      layout_loops_corners, dreamdust_ecumenical_altar_sealed_demon,
          chequers_garden
D:4:      layout_loops_corners, nicolae_overflow_crystal_walls, zin_angel,
          serial_shops, shop, minmay_fountain_box, hex_large,
          minmay_goblin_kobold_house, uniq_eustachio
D:5:      layout_basic, minmay_temple_entry_poolview
D:6:      layout_gridville, kennysheep_okawaru_gauntlet, nicolae_shop_clearance
D:7:      layout_gridville
D:8:      kennysheep_six_static_rooms, layout_basic, kennysheep_minor_cross
D:9:      layout_rooms, grunt_gozag_breadcrumbs, mainiacjoe_overflow_alcove_2,
          orc_0_dummy
D:10:     layout_basic, due_lair_maze_entry_diamond, serial_shops, shop,
          minmay_beelzebubs_servants
D:11:     layout_roguey, serial_shops, kennysheep_mini_moat, serial_undead,
          serial_undead_c, serial_undead_b, serial_undead_f, serial_undead_f
D:12:     layout_stronghold
D:13:     layout_grid_maze, nicolae_fountain_basement
Temple:   hellmonk_temple_divided_pantheon
Abyss:3:  base: D:8, minivault_20

Skill      XL: |  1  2  3  4  5  6  7  8  9 10 11 12 |
---------------+-------------------------------------+-----
Spellcasting   | 5 6 7 8 9 |  9.4
Invocations    | 1 2 3 4 5 6 7 8 |  8.6
Fighting       | 1 2 3 4 5 6 7 |  7.8
Short Blades   | 1 2 3 4 5 6 7 |  7.8
Long Blades    | 1 2 3 4 5 6 7 |  7.8
Axes           | 1 2 3 4 5 6 7 |  7.8
Maces & Flails | 1 2 3 4 5 6 7 |  7.8
Polearms       | 1 2 3 4 5 6 7 |  7.8
Staves         | 1 2 3 4 5 6 7 |  7.8
Ranged Weapons | 1 2 3 4 5 6 7 |  7.8
Throwing       | 1 2 3 4 5 6 7 |  7.8
Armour         | 1 2 3 4 5 6 7 |  7.8
Shields        | 1 2 3 4 5 6 7 |  7.8
Unarmed Combat | 1 2 3 4 5 6 7 |  7.8
Evocations     | 1 2 3 4 5 6 7 |  7.8
Conjurations   | 1 2 3 4 5 6 |  6.5
Hexes          | 1 2 3 4 5 6 |  6.5
Necromancy     | 1 2 3 4 5 6 |  6.5
Translocations | 1 2 3 4 5 6 |  6.5
Transmutations | 1 2 3 4 5 6 |  6.5
Fire Magic     | 1 2 3 4 5 6 |  6.5
Ice Magic      | 1 2 3 4 5 6 |  6.5
Air Magic      | 1 2 3 4 5 6 |  6.5
Earth Magic    | 1 2 3 4 5 6 |  6.5
Poison Magic   | 1 2 3 4 5 6 |  6.5
Dodging        | 5 6 7 8 9 |  9.2
Stealth        | 5 6 7 8 9 |  9.0
Summonings     | 8 9 |  9.7

Action                   |  1- 3 |  4- 6 |  7- 9 | 10-12 || total
-------------------------+-------+-------+-------+-------++-------
Melee: Unarmed           |    16 |       |       |       ||    16
       Bite              |     3 |       |    17 |    35 ||    55
       Mace              |     8 |    48 |    85 |   178 ||   319
       Punch             |     1 |     1 |     2 |       ||     4
       Demon trident     |       |       |       |    82 ||    82
 Cast: Summon Small Mamm |    60 |    29 |    57 |    48 ||   194
       Call Imp          |     8 |    10 |    34 |    37 ||    89
       Call Canine Famil |     5 |    13 |    36 |    51 ||   105
       Summon Guardian G |       |    15 |    40 |    36 ||    91
       Summon Lightning  |       |       |    15 |    49 ||    64
       Scorch            |       |       |       |    43 ||    43
       Summon Ice Beast  |       |       |       |     5 ||     5
       Summon Mana Viper |       |       |       |     2 ||     2
Invok: Channel Magic     |       |       |       |     1 ||     1
  Use: Scroll            |       |       |    13 |    10 ||    23
       Potion            |       |       |     1 |       ||     1
 Stab: Sleeping          |       |     1 |     3 |     3 ||     7
       Distracted        |       |       |       |     5 ||     5
Armor: Robe              |    14 |    14 |     2 |       ||    30
       Leather armour    |       |       |    32 |   141 ||   173
Dodge: Dodged            |    28 |    40 |    72 |   186 ||   326
Block: Buckler           |       |       |    15 |    75 ||    90
